TOP OF THE 1ST |
Michigan State Spartans batting - Pitching for Iowa State Cyclones : RHP Tim Hooper
|
Pitching: RHP Tim Hooper
|
|
Batting: RHB Spike Walters
|
0-0: Called Strike 0-1: Foul Ball, location: 2F 0-2: Ball 1-2: Ball 2-2: Foul Ball, location: 2F 2-2: Ground out 6-3 (Groundball, 6)
|
Batting: SHB Joe Emery
|
0-0: Called Strike 0-1: Ball 1-1: Ground out 4-3 (Groundball, 4)
|
Batting: LHB Cliff Mills
|
0-0: Ball 1-0: Foul Ball, location: 2F 1-1: Ball 2-1: Foul Ball, location: 2F 2-2: Ball 3-2: Strikes out swinging
|
Top of the 1st over - 0 run(s), 0 hit(s), 0 error(s), 0 left on base; Michigan State 0 - Iowa State 0 |
BOTTOM OF THE 1ST |
Iowa State Cyclones batting - Pitching for Michigan State Spartans : RHP Brad Clay
|
Pitching: RHP Brad Clay
|
|
Batting: LHB Mike O'Bryan
|
0-0: Foul Ball, location: 2F 0-1: Ground out 4-3 (Groundball, 4)
|
Batting: RHB Robert Snyder
|
0-0: Called Strike 0-1: Ball 1-1: Foul Ball, location: 2F 1-2: Fly out, F8 (Line Drive, 8RM)
|
Batting: RHB Pedro Rivera
|
0-0: Foul Ball, location: 2F 0-1: Called Strike 0-2: Ball 1-2: Ball 2-2: Ball 3-2: Foul Ball, location: 2F 3-2: Ground out 5-3 (Groundball, 56)
|
Bottom of the 1st over - 0 run(s), 0 hit(s), 0 error(s), 0 left on base; Michigan State 0 - Iowa State 0 |
TOP OF THE 2ND |
Michigan State Spartans batting - Pitching for Iowa State Cyclones : RHP Tim Hooper
|
Batting: RHB Ryan Nelson
|
0-0: Reached on error, E8 (Flyball, 8LD)
|
Batting: LHB Gabriel Estrada
|
0-0: Called Strike 0-1: SINGLE (Line Drive, 78S) Ryan Nelson to second
|
Batting: RHB Ryan Fullerton
|
0-0: Swinging Strike 0-1: Called Strike 0-2: Ball 1-2: Strikes out looking
|
Batting: RHB Nelson Wright
|
0-0: Ball 1-0: SINGLE (Groundball, 56) (infield hit) Ryan Nelson to third Gabriel Estrada to second
|
Batting: LHB Aaron Aguirre
|
0-0: Foul Ball, location: 2F 0-1: Ball 1-1: SINGLE (Groundball, 4MD) Ryan Nelson scores Gabriel Estrada to third Nelson Wright to second Runner from 3rd tries for Home, SAFE, no throw
|
Batting: RHB Scott Juárez
|
0-0: Foul Ball, location: 2F 0-1: Swinging Strike 0-2: Strikes out swinging
|
Batting: RHB Spike Walters
|
0-0: Called Strike 0-1: Reached on error, E5 (Groundball, 56S) Nelson Wright to third Aaron Aguirre to second
|
Batting: SHB Joe Emery
|
0-0: Ball 1-0: Called Strike 1-1: Swinging Strike 1-2: Ground out 1-3 (Groundball, 13S)
|
Top of the 2nd over - 2 run(s), 3 hit(s), 2 error(s), 3 left on base; Michigan State 2 - Iowa State 0 |
BOTTOM OF THE 2ND |
Iowa State Cyclones batting - Pitching for Michigan State Spartans : RHP Brad Clay
|
Batting: RHB Shane Marshall
|
0-0: Swinging Strike 0-1: Foul Ball, location: 2F 0-2: Strikes out swinging
|
Batting: LHB Ángel Pérez
|
0-0: Foul Ball, location: 2F 0-1: Ball 1-1: Foul Ball, location: 2F 1-2: Ball 2-2: Foul Ball, location: 2F 2-2: Ball 3-2: SOLO HOME RUN (Flyball, 89XD), Distance : 368 ft
|
Batting: RHB Paco Camacho
|
0-0: Foul Ball, location: 2F 0-1: Foul Ball, location: 2F 0-2: Fly out, F7 (Line Drive, 7)
|
Batting: RHB José Acuña
|
0-0: Ball 1-0: Ball 2-0: Ball 3-0: Base on Balls
|
Batting: RHB Paul Teague
|
0-0: Called Strike 0-1: Ball 1-1: SINGLE (Groundball, 56D) José Acuña to second
|
Batting: SHB Dan Stone
|
0-0: 3-RUN HOME RUN (Flyball, 89XD), Distance : 382 ft
|
Batting: LHB Mike O'Bryan
|
0-0: Ball 1-0: Ball 2-0: Ball 3-0: Base on Balls
|
Batting: RHB Robert Snyder
|
0-0: Called Strike 0-1: Ball 1-1: Ball 2-1: Foul Ball, location: 2F 2-2: Fielders Choice at 2nd, 4-6 (Groundball, 4)
|
Bottom of the 2nd over - 4 run(s), 3 hit(s), 0 error(s), 0 left on base; Michigan State 2 - Iowa State 4 |
TOP OF THE 3RD |
Michigan State Spartans batting - Pitching for Iowa State Cyclones : RHP Tim Hooper
|
Batting: LHB Cliff Mills
|
0-0: Ball 1-0: Ball 2-0: Ground out 6-3 (Groundball, 6)
|
Batting: RHB Ryan Nelson
|
0-0: Fly out, F9 (Flyball, 9LSF)
|
Batting: LHB Gabriel Estrada
|
0-0: Ball 1-0: Swinging Strike 1-1: Called Strike 1-2: Strikes out swinging
|
Top of the 3rd over - 0 run(s), 0 hit(s), 0 error(s), 0 left on base; Michigan State 2 - Iowa State 4 |
BOTTOM OF THE 3RD |
Iowa State Cyclones batting - Pitching for Michigan State Spartans : RHP Brad Clay
|
Batting: RHB Pedro Rivera
|
0-0: Ball 1-0: Called Strike 1-1: Ball 2-1: Foul Ball, location: 2F 2-2: Strikes out swinging, 2-3 out at first.
|
Batting: RHB Shane Marshall
|
0-0: SINGLE (Line Drive, 8RS)
|
Batting: LHB Ángel Pérez
|
0-0: Grounds into double play, 6-4-3 (Groundball, 6D)
|
Bottom of the 3rd over - 0 run(s), 1 hit(s), 0 error(s), 0 left on base; Michigan State 2 - Iowa State 4 |
TOP OF THE 4TH |
Michigan State Spartans batting - Pitching for Iowa State Cyclones : RHP Tim Hooper
|
Batting: RHB Ryan Fullerton
|
0-0: Called Strike 0-1: Ball 1-1: Foul Ball, location: 2F 1-2: SINGLE (Groundball, 56D)
|
Batting: RHB Nelson Wright
|
0-0: Foul Ball, location: 2F 0-1: Ball 1-1: Swinging Strike 1-2: Foul Ball, location: 2F 1-2: Ball 2-2: Ball 3-2: Foul Ball, location: 2F 3-2: Base on Balls Ryan Fullerton to second
|
Batting: LHB Aaron Aguirre
|
0-0: Ball 1-0: Grounds into double play, 4-6-3 (Groundball, 4M) Ryan Fullerton to third
|
Batting: RHB Scott Juárez
|
0-0: Ball 1-0: Called Strike 1-1: DOUBLE (Line Drive, 78M) Ryan Fullerton scores
|
Batting: RHB Spike Walters
|
0-0: Ball 1-0: Fly out, F6 (Popup, 56D)
|
Top of the 4th over - 1 run(s), 2 hit(s), 0 error(s), 1 left on base; Michigan State 3 - Iowa State 4 |
BOTTOM OF THE 4TH |
Iowa State Cyclones batting - Pitching for Michigan State Spartans : RHP Brad Clay
|
Batting: RHB Paco Camacho
|
0-0: Ball 1-0: Called Strike 1-1: Foul Ball, location: 2F 1-2: Ball 2-2: Foul Ball, location: 2F 2-2: Foul Ball, location: 2F 2-2: Strikes out swinging
|
Batting: RHB José Acuña
|
0-0: Ball 1-0: Ball 2-0: Ball 3-0: Called Strike 3-1: Foul Ball, location: 2F 3-2: Fly out, F3 (Line Drive, 34)
|
Batting: RHB Paul Teague
|
0-0: Ball 1-0: Foul Ball, location: 2F 1-1: Ball 2-1: Ball 3-1: Called Strike 3-2: Strikes out swinging
|
Bottom of the 4th over - 0 run(s), 0 hit(s), 0 error(s), 0 left on base; Michigan State 3 - Iowa State 4 |
TOP OF THE 5TH |
Michigan State Spartans batting - Pitching for Iowa State Cyclones : RHP Tim Hooper
|
Batting: SHB Joe Emery
|
0-0: Ball 1-0: Ball 2-0: Ball 3-0: Called Strike 3-1: Base on Balls
|
Batting: LHB Cliff Mills
|
0-0: Called Strike 0-1: Ball 1-1: Called Strike 1-2: Ball 2-2: Ground out 5-3 (Groundball, 25) Joe Emery to second
|
Batting: RHB Ryan Nelson
|
0-0: Called Strike 0-1: Ball Wild Pitch! Joe Emery to third 1-1: Foul Ball, location: 2F 1-2: Ball 2-2: DOUBLE (Line Drive, 7LM) Joe Emery scores
|
Batting: LHB Gabriel Estrada
|
0-0: Intentional Walk
|
Pitching: LHP Jeffery Guillermina
|
|
Batting: RHB Ryan Fullerton
|
0-0: Ball 1-0: Fly out, F7 (Flyball, 7S)
|
Batting: RHB Nelson Wright
|
0-0: Called Strike 0-1: Hit by Pitch Ryan Nelson to third Gabriel Estrada to second
|
Batting: LHB Aaron Aguirre
|
0-0: Ball 1-0: Called Strike 1-1: SINGLE (Flyball, 9S) Ryan Nelson scores Gabriel Estrada to third Nelson Wright to second Runner from 3rd tries for Home, SAFE, no throw
|
Batting: RHB Scott Juárez
|
0-0: Ball 1-0: Foul Ball, location: 2F 1-1: Ball 2-1: Swinging Strike 2-2: Foul Ball, location: 2F 2-2: Fielders Choice at 2nd, 6-4 (Groundball, 6)
|
Top of the 5th over - 3 run(s), 2 hit(s), 0 error(s), 1 left on base; Michigan State 6 - Iowa State 4 |
BOTTOM OF THE 5TH |
Iowa State Cyclones batting - Pitching for Michigan State Spartans : RHP Brad Clay
|
Batting: SHB Dan Stone
|
0-0: Called Strike 0-1: Ball 1-1: Called Strike 1-2: Ball 2-2: Foul Ball, location: 2F 2-2: Ball 3-2: Strikes out swinging
|
Batting: LHB Mike O'Bryan
|
0-0: Fly out, F3 (Popup, 34S)
|
Batting: RHB Robert Snyder
|
0-0: Ball 1-0: Ball 2-0: Swinging Strike 2-1: Ground out 6-3 (Groundball, 6MS)
|
Bottom of the 5th over - 0 run(s), 0 hit(s), 0 error(s), 0 left on base; Michigan State 6 - Iowa State 4 |
TOP OF THE 6TH |
Michigan State Spartans batting - Pitching for Iowa State Cyclones : LHP Jeffery Guillermina
|
Batting: RHB Spike Walters
|
0-0: Foul Ball, location: 2F 0-1: Foul Ball, location: 2F 0-2: Ball 1-2: Foul Ball, location: 2F 1-2: Ball 2-2: Ball 3-2: Strikes out looking
|
Batting: SHB Joe Emery
|
0-0: Ball 1-0: SOLO HOME RUN (Flyball, 9D), Distance : 356 ft
|
Batting: LHB Cliff Mills
|
0-0: Swinging Strike 0-1: Ball 1-1: Swinging Strike 1-2: Ball 2-2: Foul Ball, location: 2F 2-2: Strikes out swinging
|
Batting: RHB Ryan Nelson
|
0-0: Called Strike 0-1: SINGLE (Line Drive, 6MD)
|
Batting: LHB Gabriel Estrada
|
0-0: Ball 1-0: Ball 2-0: Foul Ball, location: 2F 2-1: 2-RUN HOME RUN (Flyball, 9D), Distance : 361 ft
|
Batting: RHB Ryan Fullerton
|
0-0: Called Strike 0-1: Ball 1-1: Ball 2-1: Ground out 4-3 (Groundball, 4M)
|
Top of the 6th over - 3 run(s), 3 hit(s), 0 error(s), 0 left on base; Michigan State 9 - Iowa State 4 |
BOTTOM OF THE 6TH |
Iowa State Cyclones batting - Pitching for Michigan State Spartans : RHP Brad Clay
|
Pitching: RHP Brian White
|
|
Batting: RHB Pedro Rivera
|
0-0: Ball 1-0: Ball 2-0: Fly out, F9 (Flyball, 89M)
|
Batting: RHB Shane Marshall
|
0-0: Called Strike 0-1: Called Strike 0-2: Hit by Pitch
|
Batting: LHB Ángel Pérez
|
0-0: Ball 1-0: Ball 2-0: Ball 3-0: Base on Balls Shane Marshall to second
|
Batting: RHB Paco Camacho
|
0-0: Called Strike 0-1: Ball 1-1: Foul Ball, location: 2F 1-2: Ball 2-2: Strikes out swinging
|
Batting: RHB José Acuña
|
0-0: Called Strike 0-1: SINGLE (Line Drive, 9LS) Shane Marshall to third Ángel Pérez to second Runner from 3rd tries for Home, SAFE, no throw
|
Batting: RHB Paul Teague
|
0-0: Called Strike 0-1: Foul Ball, location: 2F 0-2: Ball 1-2: Strikes out swinging
|
Bottom of the 6th over - 1 run(s), 1 hit(s), 0 error(s), 2 left on base; Michigan State 9 - Iowa State 5 |
TOP OF THE 7TH |
Michigan State Spartans batting - Pitching for Iowa State Cyclones : LHP Jeffery Guillermina
|
Pitching: RHP Jesús Marino
|
|
Batting: RHB Nelson Wright
|
0-0: Fly out, F7 (Flyball, 7S)
|
Batting: LHB Aaron Aguirre
|
0-0: Ball 1-0: Called Strike 1-1: SINGLE (Line Drive, 7S)
|
Batting: RHB Scott Juárez
|
0-0: Ball 1-0: Fly out, F8 (Flyball, 89S)
|
Batting: RHB Spike Walters
|
0-0: Fielders Choice at 2nd, 5-4 (Groundball, 56)
|
Top of the 7th over - 0 run(s), 1 hit(s), 0 error(s), 0 left on base; Michigan State 9 - Iowa State 5 |
BOTTOM OF THE 7TH |
Iowa State Cyclones batting - Pitching for Michigan State Spartans : RHP Brian White
|
Batting: SHB Dan Stone
|
0-0: Ball 1-0: Ball 2-0: Ball 3-0: Ground out 1-3 (Groundball, 13)
|
Batting: LHB Mike O'Bryan
|
0-0: Ball 1-0: Ball 2-0: Ground out 6-3 (Groundball, 6MD)
|
Batting: RHB Robert Snyder
|
0-0: Ball 1-0: Ball 2-0: Ball 3-0: Base on Balls
|
Batting: RHB Pedro Rivera
|
0-0: Called Strike 0-1: SINGLE (Flyball, 7S) Robert Snyder to second
|
Batting: RHB Shane Marshall
|
0-0: Called Strike 0-1: Called Strike 0-2: Ball 1-2: Ball 2-2: Foul Ball, location: 2F 2-2: Ball 3-2: Foul Ball, location: 2F 3-2: Fly out, F9 (Flyball, 9LM)
|
Bottom of the 7th over - 0 run(s), 1 hit(s), 0 error(s), 2 left on base; Michigan State 9 - Iowa State 5 |
TOP OF THE 8TH |
Michigan State Spartans batting - Pitching for Iowa State Cyclones : RHP Jesús Marino
|
Batting: SHB Joe Emery
|
0-0: Called Strike 0-1: Called Strike 0-2: Ball 1-2: Ground out 4-3 (Groundball, 4)
|
Batting: LHB Cliff Mills
|
0-0: Called Strike 0-1: Foul Ball, location: 2F 0-2: Strikes out swinging
|
Batting: RHB Ryan Nelson
|
0-0: Fly out, F4 (Line Drive, 34)
|
Top of the 8th over - 0 run(s), 0 hit(s), 0 error(s), 0 left on base; Michigan State 9 - Iowa State 5 |
BOTTOM OF THE 8TH |
Iowa State Cyclones batting - Pitching for Michigan State Spartans : RHP Brian White
|
Batting: LHB Ángel Pérez
|
0-0: Ball 1-0: Ball 2-0: Called Strike 2-1: Foul Ball, location: 2F 2-2: Foul Ball, location: 2F 2-2: Ball 3-2: Foul Ball, location: 2F 3-2: DOUBLE (Line Drive, 78M)
|
Batting: RHB Paco Camacho
|
0-0: Ball 1-0: Ball 2-0: Called Strike 2-1: Foul Ball, location: 2F 2-2: Ball 3-2: Base on Balls
|
Pitching: RHP Nathaniel Reynolds
|
|
Batting: RHB José Acuña
|
0-0: Ball 1-0: 3-RUN HOME RUN (Flyball, 7D), Distance : 354 ft
|
Pitching: RHP Adrian Cooper
|
|
Batting: RHB Paul Teague
|
0-0: Called Strike 0-1: Ball 1-1: Ground out 5-3 (Groundball, 56)
|
Pitching: LHP Aaron Cole
|
|
Batting: SHB Dan Stone
|
0-0: Ball 1-0: Ball 2-0: Foul Ball, location: 2F 2-1: Foul Ball, location: 2F 2-2: Foul Ball, location: 2F 2-2: Strikes out swinging
|
Batting: LHB Mike O'Bryan
|
0-0: Ball 1-0: SINGLE (Flyball, 9LM)
|
Pitching: RHP Dan Clark
|
|
Pinch Hitting: SHB Ralph Marshall
|
0-0: Called Strike 0-1: Ball 1-1: Ball 2-1: SINGLE (Groundball, 4MD) Mike O'Bryan to second Runner from 2nd tries for 3rd, SAFE, no throw
|
Batting: RHB Pedro Rivera
|
0-0: Ball 1-0: DOUBLE (Flyball, 89D) Mike O'Bryan scores Ralph Marshall to third
|
Batting: RHB Shane Marshall
|
0-0: Foul Ball, location: 2F 0-1: Called Strike 0-2: Ball 1-2: Ball 2-2: Ball 3-2: Base on Balls
|
Batting: LHB Ángel Pérez
|
0-0: Ball 1-0: Swinging Strike 1-1: Ball 2-1: Foul Ball, location: 2F 2-2: Fly out, F9 (Flyball, 9LS)
|
Bottom of the 8th over - 4 run(s), 5 hit(s), 0 error(s), 3 left on base; Michigan State 9 - Iowa State 9 |
TOP OF THE 9TH |
Michigan State Spartans batting - Pitching for Iowa State Cyclones : RHP Jesús Marino
|
Pitching: RHP Tom Thomas
|
|
Now at SS: Ralph Marshall
|
|
Batting: LHB Gabriel Estrada
|
0-0: Ball 1-0: Ball 2-0: Ball 3-0: Called Strike 3-1: Foul Ball, location: 2F 3-2: Base on Balls
|
Batting: RHB Ryan Fullerton
|
0-0: Ball 1-0: Bunted foul 1-1: Ball 2-1: Ball 3-1: Sac Bunt - play at second, runner OUT! 1-6
|
Batting: RHB Nelson Wright
|
0-0: Ball 1-0: Fly out, F7 (Flyball, 7D)
|
Batting: LHB Aaron Aguirre
|
0-0: Ball 1-0: Ball 2-0: Called Strike 2-1: Called Strike 2-2: Strikes out swinging
|
Top of the 9th over - 0 run(s), 0 hit(s), 0 error(s), 1 left on base; Michigan State 9 - Iowa State 9 |
BOTTOM OF THE 9TH |
Iowa State Cyclones batting - Pitching for Michigan State Spartans : RHP Dan Clark
|
Pitching: RHP Cory Hopper
|
|
Pinch Hitting: RHB Mark Blanton
|
0-0: Called Strike 0-1: Ball 1-1: Fly out, F6 (Popup, 6)
|
Batting: RHB José Acuña
|
0-0: Fly out, F9 (Flyball, 9LS)
|
Pinch Hitting: RHB Russell Cook
|
0-0: Ball 1-0: Swinging Strike 1-1: Ball 2-1: Ball 3-1: Fly out, F6 (Line Drive, 6)
|
Bottom of the 9th over - 0 run(s), 0 hit(s), 0 error(s), 0 left on base; Michigan State 9 - Iowa State 9 |
TOP OF THE 10TH |
Michigan State Spartans batting - Pitching for Iowa State Cyclones : RHP Tom Thomas
|
Now at 2B: Mark Blanton
|
|
Now at 3B: Russell Cook
|
|
Batting: RHB Scott Juárez
|
0-0: Ball 1-0: SOLO HOME RUN (Flyball, 8LXD), Distance : 385 ft
|
Batting: RHB Spike Walters
|
0-0: Called Strike 0-1: Ball 1-1: Ball 2-1: Fly out, F2 (Popup, 4MS)
|
Batting: SHB Joe Emery
|
0-0: Called Strike 0-1: Ball 1-1: Swinging Strike 1-2: Ball 2-2: Ball 3-2: Base on Balls
|
Batting: LHB Cliff Mills
|
0-0: Foul Ball, location: 2F 0-1: Ball 1-1: SINGLE (Line Drive, 4MD) Joe Emery to second
|
Batting: RHB Ryan Nelson
|
0-0: Swinging Strike 0-1: Ball 1-1: Foul Ball, location: 2F 1-2: Strikes out looking
|
Pitching: LHP Tom Martin
|
|
Batting: LHB Gabriel Estrada
|
0-0: Called Strike 0-1: Foul Ball, location: 2F 0-2: Ball 1-2: Foul Ball, location: 2F 1-2: Ball 2-2: Strikes out swinging
|
Top of the 10th over - 1 run(s), 2 hit(s), 0 error(s), 2 left on base; Michigan State 10 - Iowa State 9 |
BOTTOM OF THE 10TH |
Iowa State Cyclones batting - Pitching for Michigan State Spartans : RHP Cory Hopper
|
Now at 3B: Bennett McGee
|
|
Batting: SHB Dan Stone
|
0-0: Ball 1-0: Called Strike 1-1: Fly out, F7 (Flyball, 7LSF)
|
Batting: LHB Mike O'Bryan
|
0-0: DOUBLE (Line Drive, 8RM)
|
Batting: SHB Ralph Marshall
|
0-0: Ball 1-0: Foul Ball, location: 2F 1-1: Foul Ball, location: 2F 1-2: Ball 2-2: Ball 3-2: Base on Balls
|
Batting: RHB Pedro Rivera
|
0-0: Called Strike 0-1: Swinging Strike 0-2: Fielders Choice at 2nd, 3-6 (Groundball, 34) Mike O'Bryan to third
|
Batting: RHB Shane Marshall
|
0-0: Swinging Strike 0-1: Foul Ball, location: 2F 0-2: Ball 1-2: Strikes out swinging
|
Bottom of the 10th over - 0 run(s), 1 hit(s), 0 error(s), 2 left on base; Michigan State 10 - Iowa State 9 |
|